[Event "*** MasterClass Titled Tuesday Blitz"]
[Site "Chess.com"]
[Date "2017.12.05"]
[Round "1"]
[White "Aygehovit1992"]
[Black "FollowMeIBeg"]
[Result "1-0"]
[WhiteElo "2497"]
[BlackElo "1773"]
[TimeControl "180+2"]
[EndTime "14:23:07 PST"]
[Termination "Aygehovit1992 won by resignation"]

1. e4 c5 2. Nf3 Nc6 3. Bb5 d6 4. O-O g6 5. d4 cxd4 6. Qxd4 Nf6 7. e5 dxe5 8. Qxd8+ Kxd8 9. Bxc6 bxc6 10. Nxe5 Be6 11. Nxc6+ Kc7 12. Nd4 Bd5 13. Bf4+ Kb7 14. Nc3 e6 15.
Be5 Bg7 16. Nxd5 exd5 17. Rfe1 Rhe8 18. Nb5 Red8 19. Nd6+ Kc6 20. Nxf7 Rf8 21. Ng5 Rae8 22. c3 h6 23. Nf3 Kb7 24. Rad1 Rd8 25. Rd4 a5 26. a4 Kc6 27. b4 axb4 28. cxb4 Kb7 29. b5 Rd7 30. a5 Nh5 31. Bxg7 Nxg7 32. Red1 Rf5 33. Re1 Nh5 34. Ne5 Re7 35. a6+ Ka8 36. Rxd5 Re8 37. b6 Nf4 38. b7+ Ka7 39. Nc6+ Kxa6 40.
Rxe8 Rxd5 41. Nb4+ Kb5 42. Nxd5 Nxd5 43. b8=Q+ 1-0

[Event "*** MasterClass Titled Tuesday Blitz"]
[Site "Chess.com"]
[Date "2017.12.05"]
[Round "1"]
[White "Mistheoretical"]
[Black "igorkovalenko"]
[Result "0-1"]
[WhiteElo "2275"]
[BlackElo "2725"]
[TimeControl "180+2"]
[EndTime "14:23:08 PST"]
[Termination "igorkovalenko won by resignation"]

1. d4 Nf6 2. Bg5 Ne4 3. Bf4 c5 4. f3 Nf6 5. d5 Nh5 6. Bc1 d6 7. g4 Nf6 8. Nc3 e6 9. g5 Nh5 10. e4 Be7 11. f4 g6 12. Be2 Ng7 13. Bf3 a6 14. a4 Nd7 15. dxe6 fxe6 16. h4 h5 17. Nh3 O-O 18. Be3 Rb8 19. a5 b5 20.
axb6 Rxb6 21. b3 Bb7 22. O-O Rb4 23. Qd3 Qa8 24. Bg2 Nb8 25. Rf2 Nc6 26. Ra4 Rxa4 27.
Nxa4 Nb4 28. Qc4 d5 29. exd5 exd5 30. Qe2 d4 31. Bc1 Bd6 32. Bxb7 Qxb7 33. Nxc5 Bxc5 34. Qc4+ Qd5 35. Qxd5+ Nxd5 36. Rd2 Nf5 37. Bb2 d3+ 38. Kh2 Nb4 39. cxd3 Rd8 40. d4 Bd6 41. Kg2 Nxh4+ 42.
Kg3 Nf5+ 43. Kf3 Nd5 44. Ke4 Nde7 45. d5 Rb8 46. Rd3 Rb4+ 47. Kf3 Kf7 48. Be5 Rb5 49. Ke4 a5 50. Nf2 Rb4+ 51. Kf3 Nh4+ 52. Kg3 Nef5+ 53. Kh3 Bc5 54. Nd1 Re4 55. Kh2 Re2+ 56. Kh1 Re1+ 57. Kh2 Re2+ 58. Kh3 Bg1 0-1

[Event "*** MasterClass Titled Tuesday Blitz"]
[Site "Chess.com"]
[Date "2017.12.05"]
[Round "1"]
[White "TregubovP"]
[Black "tteshan"]
[Result "1/2-1/2"]
[WhiteElo "2497"]
[BlackElo "2010"]
[TimeControl "180+2"]
[EndTime "14:23:09 PST"]
[Termination "Game drawn by agreement"]

1. d4 d5 2. c4 dxc4 3. e3 e5 4. Bxc4 exd4 5. exd4 Bd6 6. Nf3 Nf6 7. Qe2+ Qe7 8. Qxe7+ Bxe7 9. Nc3 a6 10. Bf4 c5 11. dxc5 Bxc5 12. O-O O-O 13. Nd5 Nxd5 14. Bxd5 Nc6 15. Rac1 Ba7 16. Ne5 Nxe5 17. Bxe5 Bf5 18. Bxb7 Rad8 19. Rfd1 Bd3 20. Rc3 Bb5 21. Rxd8 Rxd8 22.
Rc8 Rxc8 23. Bxc8 f6 24. Be6+ Kf8 25. Bd6+ Ke8 26. b3 Bb6 27. g3 Be2 28. Kg2 Bd4 29. f3 Bd3 30. g4 Bb1 31. a4 Bd3 32. Kg3 g5 33. f4 Be3 34. Kf3 Bd4 35. f5 Bb6 36. Bc4 Bc2 37. Bxa6 Bxb3 38. Bb5+ Kd8 39.
Bc6 Bd1+ 40. Kg3 Bc7 41. Bxc7+ Kxc7 42. Bb5 Kb6 43. h3 Ka5 44. Kf2 Bxa4 45. Bxa4 Kxa4 46. Ke3 Kb5 47. Kd4 Kc6 48. Kc4 h6 49. Kd4 1/2-1/2

[Event "*** MasterClass Titled Tuesday Blitz"]
[Site "Chess.com"]
[Date "2017.12.05"]
[Round "1"]
[White "DanielRensch"]
[Black "EternallyBad"]
[Result "1-0"]
[WhiteElo "2456"]
[BlackElo "1511"]
[TimeControl "180+2"]
[EndTime "14:23:09 PST"]
[Termination "DanielRensch won by checkmate"]

1. e4 e5 2. Nf3 Nc6 3. d4 exd4 4.
Nxd4 Bc5 5. Nxc6 bxc6 6. Nc3 Bb4 7. Bc4 Nf6 8. O-O O-O 9. e5 Nd5 10. Nxd5 cxd5 11. Bxd5 c6 12. Be4 d5 13. exd6 Qxd6 14. Qf3 Bb7 15. Bf4 Qc5 16. c3 Ba5 17. b4 Bxb4 18.
cxb4 Qxb4 19. Rac1 Rac8 20. Rfd1 f5 21. Bb1 c5 22.
Qg3 g6 23. a3 Qb5 24. Ba2+ Rf7 25. Be5 c4 26. Ba1 Rd7 27. Qc3 Qc6 28. Qh8+ Kf7 29. Qg7+ Ke8 30. Qg8+ Ke7 31. Re1+ Kd6 32. Re6+ Kc7 33.
Rxc6+ Bxc6 34. Qxc4 Kb7 35. Qb4+ Ka8 36. Be5 Rb7 37. Qa4 a6 38. Qxa6+ Ra7 39. Qxc8# 1-0

[Event "*** MasterClass Titled Tuesday Blitz"]
[Site "Chess.com"]
[Date "2017.12.05"]
[Round "1"]
[White "Oneofmyturns"]
[Black "Saitama_Hero"]
[Result "1-0"]
[WhiteElo "2532"]
[BlackElo "2087"]
[TimeControl "180+2"]
[EndTime "14:23:13 PST"]
[Termination "Oneofmyturns won by resignation"]

1. e4 d6 2. d4 Nf6 3. Nc3 c6 4. Bg5 Nbd7 5. Qd2 e5 6. Nf3 Be7 7. O-O-O Qc7 8. Kb1 Nf8 9. d5 Ng6 10. h3 O-O 11. g4 cxd5 12. Bxf6 Bxf6 13. Nxd5 Qd8 14.
g5 Be7 15. Nxe7+ Qxe7 16. Qxd6 Qxd6 17. Rxd6 Be6 18. h4 Rfd8 19. Rxd8+ Rxd8 20. Kc1 Bg4 21. Nd2 Nf4 22. f3 Be6 23. b3 Kf8 24. a4 Ke7 25. Bc4 Bxc4 26. Nxc4 Ne2+ 27. Kb2 Ke6 28. Rh2 Nd4 29. Rd2 Rc8 30. Rd3 a6 31. c3 Ne2 32.
Rd6+ Ke7 33. Rb6 Rc7 34. a5 f6 35. gxf6+ gxf6 36. Kc2 Ng1 37. Ne3 Kf7 38. Nd5 Rc6 39. Rxb7+ Kf8 40. Rb6 1-0

[Event "*** MasterClass Titled Tuesday Blitz"]
[Site "Chess.com"]
[Date "2017.12.05"]
[Round "1"]
[White "Bryakin_Mikhail"]
[Black "Swarajan"]
[Result "1-0"]
[WhiteElo "2573"]
[BlackElo "2143"]
[TimeControl "180+2"]
[EndTime "14:23:14 PST"]
[Termination "Bryakin_Mikhail won by checkmate"]

1. d4 c5 2. d5 Nf6 3. c4 g6 4.
Nc3 Bg7 5. e4 O-O 6. g3 e6 7. Bg2 exd5 8. exd5 d6 9. Nge2 Re8 10.
O-O Nbd7 11. b3 Rb8 12. Bb2 a6 13. a4 Ne5 14. a5 b6 15. Qd2 Bh3 16. Nf4 Bxg2 17.
Kxg2 b5 18. cxb5 axb5 19. Ra2 b4 20. Nce2 Ne4 21. Qc2 Ng4 22. Bxg7 Kxg7 23. h3 Ngxf2 24. Rxf2 Nxf2 25. Kxf2 Ra8 26. Qc1 Kg8 27. Qa1 Ra6 28. h4 Qc7 29. h5 Rea8 30. h6 f5 31. Ne6 Qe7 32. N2f4 c4 33. bxc4 b3 34. Ra3 Qb7 35. Qb2 Rxa5 36. Rxb3 Qa7+ 37. Qd4 Ra2+ 38. Kf3 Qe7 39.
Qg7+ Qxg7 40. hxg7 R2a3 41. Rxa3 Rxa3+ 42. Kf2 Rc3 43. c5 Rxc5 44. Nxc5 dxc5 45. Ne6 Kf7 46.
d6 c4 47. d7 c3 48. d8=Q c2 49.
g8=Q# 1-0

[Event "*** MasterClass Titled Tuesday Blitz"]
[Site "Chess.com"]
[Date "2017.12.05"]
[Round "1"]
[White "JaimeSantosLatasa"]
[Black "Abdodi"]
[Result "1-0"]
[WhiteElo "2555"]
[BlackElo "2114"]
[TimeControl "180+2"]
[EndTime "14:23:16 PST"]
[Termination "JaimeSantosLatasa won by resignation"]

1. c4 Nf6 2. Nc3 g6 3. e4 d6 4.
d4 Bg7 5. Nf3 O-O 6. Be2 Nbd7 7.
O-O e5 8. Qc2 exd4 9. Nxd4 Re8 10. Be3 Ne5 11. f3 Nfd7 12. Rfd1 Nb6 13. b3 Bd7 14. a4 Qf6 15. a5 Nc8 16. Nd5 Qd8 17.
Bf1 Ne7 18. Bg5 h6 19. Nf6+ Bxf6 20. Bxf6 Qc8 21. Qd2 Kh7 22. Bh4 g5 23. Bf2 N7g6 24. Qc2 Be6 25. c5 dxc5 26. Qxc5 b6 27. Qc2 c5 28. Nf5 Rd8 29. Ne3 Nf4 30. Nd5 Qb7 31. axb6 axb6 32. Rxa8 Rxa8 33. Nxf4 gxf4 34. Qc1 Ng6 35. Bc4 Qe7 36. h3 Bxc4 37. Qxc4 Qe6 38. Qxe6 fxe6 39. Rd6 Ra1+ 40. Kh2 e5 41. Rxb6 Rb1 42.
Bxc5 Nh4 43. Be7 Ng6 44. Bf6 Ra1 45. Rb7+ Kg8 46. Rg7+ Kf8 47. Rxg6 1-0

[Event "*** MasterClass Titled Tuesday Blitz"]
[Site "Chess.com"]
[Date "2017.12.05"]
[Round "1"]
[White "Diwi89"]
[Black "saraswathii"]
[Result "1/2-1/2"]
[WhiteElo "2730"]
[BlackElo "2302"]
[TimeControl "180+2"]
[EndTime "14:23:22 PST"]
[Termination "Game drawn - insufficient material"]

1. e4 c5 2. Nf3 e6 3. b3 Nc6 4. Bb2 d5 5. exd5 exd5 6. Bb5 Qb6 7.
Nc3 Be6 8. O-O d4 9. Bxc6+ Qxc6 10. Ne2 Bd6 11. c3 Bg4 12. Ng3 dxc3 13. Bxc3 f6 14.
Re1+ Ne7 15. Ne5 Bxd1 16. Nxc6 bxc6 17. Raxd1 Bxg3 18. hxg3 Kf7 19. Re4 Rad8 20. Rc4 Rd5 21. Kf1 Nc8 22. d4 Rhd8 23. Rd2 Nd6 24. Rxc5 Ne4 25.
Rxd5 Nxd2+ 26. Bxd2 Rxd5 27. Be3 Rb5 28. Ke2 a5 29. Bd2 Ke6 30. Kd3 Kd5 31. Bc3 c5 32. dxc5 Rxc5 33. Bd2 Rb5 34. Bc3 g5 35. g4 Ke6 36. f3 Rd5+ 37. Kc4 f5 38. gxf5+ Rxf5 39. a4 h5 40. b4 axb4 41. Bxb4 g4 42. fxg4 hxg4 43. a5 Kd7 44. Be1 Kc6 45. Kd3 Kb5 46.
Ke4 Rf1 47. Bc3 Rf2 48. g3 Rf3 49. Be5 Kxa5 50. Bf4 Kb5 51. Kf5 Rd3 52. Kxg4 Rd5 53. Kf3 Kc6 54. Ke4 Rd1 55. Be5 Kd7 56. Kf5 Ke7 57.
g4 Rf1+ 58. Bf4 Kf7 59. g5 Rg1 60. Be5 Rxg5+ 61. Kxg5 1/2-1/2

[Event "*** MasterClass Titled Tuesday Blitz"]
[Site "Chess.com"]
[Date "2017.12.05"]
[Round "1"]
[White "Marcin"]
[Black "dusanacns"]
[Result "0-1"]
[WhiteElo "2208"]
[BlackElo "2614"]
[TimeControl "180+2"]
[EndTime "14:23:23 PST"]
[Termination "dusanacns won by resignation"]

1. d4 Nf6 2. c4 g6 3. Nf3 Bg7 4.
g3 O-O 5. Bg2 d6 6. O-O Nc6 7.
Nc3 Bg4 8. Be3 Nd7 9. h3 Bxf3 10. exf3 Nb6 11. b3 d5 12. c5 Nc8 13. f4 e6 14.
a3 a5 15. Rb1 N8e7 16. b4 axb4 17. axb4 Nf5 18. Ne2 Ra3 19. b5 Na5 20. Qc1 Nc4 21.
Rb4 Nfxe3 22. fxe3 Rxe3 23. Rxc4 Rxe2 24. Ra4 Qd7 25.
Qb1 Rd2 26. Rd1 Rxd1+ 27. Qxd1 Qxb5 28. Qc2 b6 29. c6 Bxd4+ 30. Rxd4 Ra8 31. Rd1 Ra3 32.
Kh2 Qb4 33. Rb1 Rc3 34. Qa2 Qc5 35. Qa8+ Kg7 36. Qd8 Qxc6 37. h4 h5 38. Kh3 Qc5 39. Rf1 b5 40. f5 Qd6 41. f6+ Kh7 42. Rf3 Qxd8 43. Rxc3 Qxf6 0-1

[Event "*** MasterClass Titled Tuesday Blitz"]
[Site "Chess.com"]
[Date "2017.12.05"]
[Round "1"]
[White "indfraeng"]
[Black "RaphaeI"]
[Result "0-1"]
[WhiteElo "1827"]
[BlackElo "2507"]
[TimeControl "180+2"]
[EndTime "14:23:23 PST"]
[Termination "RaphaeI won by resignation"]

1. d4 Nf6 2. c4 g6 3. Nc3 Bg7 4. e4 d6 5. Nge2 c6 6. Ng3 a6 7. Be2 b5 8. c5 dxc5 9. dxc5 Qxd1+ 10. Kxd1 h5 11. h4 a5 12. Bg5 Na6 13. a3 Nxc5 14. Bxf6 Bxf6 15. Kc2 Be6 16. b4 Nb3 17. Rab1 axb4 18.
axb4 Nd4+ 19. Kd2 O-O 20. Rhc1 Nb3+ 21. Rxb3 Bxb3 22. f4 Rfd8+ 23. Ke3 Bxh4 24. Nf1 e5 25. g3 Be7 26. Nd2 Be6 27. Nf3 exf4+ 28. gxf4 Bxb4 29. Ne5 Ra3 30. Nxc6 Bxc3 31. Nxd8 Ba5+ 32. Kf2 Bxd8 33. Bxb5 Bb6+ 34. Ke2 Re3+ 35. Kd2 Rxe4 36. Rc8+ Bxc8 0-1

[Event "*** MasterClass Titled Tuesday Blitz"]
[Site "Chess.com"]
[Date "2017.12.05"]
[Round "1"]
[White "pKiLz5Rn9b"]
[Black "dawtonlms"]
[Result "1-0"]
[WhiteElo "2631"]
[BlackElo "2243"]
[TimeControl "180+2"]
[EndTime "14:23:26 PST"]
[Termination "pKiLz5Rn9b won by resignation"]

1. b3 Nf6 2. Bb2 g6 3. Nf3 Bg7 4. e3 O-O 5. c4 c5 6. Nc3 b6 7. Be2 Bb7 8. O-O d5 9. Nxd5 Nxd5 10. Bxg7 Kxg7 11. cxd5 Bxd5 12. d4 Nd7 13. dxc5 Nxc5 14. Qd4+ Kg8 15. Rfd1 Bb7 16. Qh4 Qc8 17. Ng5 h5 18. b4 Na4 19. Rac1 Qb8 20. Bxh5 Kg7 21. Bf3 Rh8 22. Qg3 Bxf3 23. Nxf3 Qxg3 24. hxg3 Rhc8 25.
Nd4 Nc3 26. Rd3 Nxa2 27. Rxc8 Rxc8 28. b5 Nc3 29. f4 Rc5 30. Nc6 Nxb5 31. Nxe7 a5 32.
g4 a4 33. Rd8 g5 34. Rb8 a3 35. Nf5+ Kh7 36. Ra8 Rc1+ 37. Kh2 gxf4 38. exf4 Rc2 39.
Ne3 Re2 40. Nd5 a2 41. f5 Kg7 42. g5 Nd4 43. f6+ Kg6 44. Nf4+ Kxg5 45. Nxe2 Nxe2 46. Rxa2 Nc3 47. Rb2 Nd5 48. Rb5 1-0

[Event "*** MasterClass Titled Tuesday Blitz"]
[Site "Chess.com"]
[Date "2017.12.05"]
[Round "1"]
[White "Gattass"]
[Black "Zkid"]
[Result "0-1"]
[WhiteElo "2102"]
[BlackElo "2547"]
[TimeControl "180+2"]
[EndTime "14:23:26 PST"]
[Termination "Zkid won by resignation"]

1. e4 c5 2. Nf3 d6 3. d4 cxd4 4. Qxd4 Nc6 5. Bb5 Bd7 6. Bxc6 Bxc6 7. c4 Nf6 8. Nc3 e5 9. Qd3 Be7 10. O-O O-O 11. b3 a6 12. Rd1 b5 13. Nd5 bxc4 14. Nxf6+ Bxf6 15. Qxc4 Rc8 16. Ba3 Qa5 17. Bb4 Qb5 18.
Qxb5 axb5 19. Bxd6 Rfe8 20. Re1 Ra8 21. a3 Re6 22. Rad1 g5 23. g4 h5 24. h3 Rd8 25.
Bc5 Rxd1 26. Rxd1 Bxe4 27. Nd2 Bd3 28. gxh5 Kg7 29. Re1 e4 30. Nf1 Bc3 31. Rd1 Kh6 32. Ng3 Be5 33. a4 bxa4 34. bxa4 Ra6 35. Re1 Rxa4 36.
Be3 Bf4 37. Kg2 f6 38. Kg1 Bxg3 39. fxg3 Kxh5 40. Rc1 Ra6 41. Rc5 Ra1+ 42. Rc1 Ra6 43. Rc5 Kg6 44. h4 gxh4 45. gxh4 Ra1+ 46. Kf2 Rf1+ 47.
Kg3 Rf3+ 48. Kg4 f5+ 0-1

[Event "*** MasterClass Titled Tuesday Blitz"]
[Site "Chess.com"]
[Date "2017.12.05"]
[Round "1"]
[White "isaacAbdulsalam"]
[Black "JoachimBN"]
[Result "0-1"]
[WhiteElo "1963"]
[BlackElo "2510"]
[TimeControl "180+2"]
[EndTime "14:23:26 PST"]
[Termination "JoachimBN won by resignation"]

1. d4 g6 2. c4 Bg7 3. Nc3 c5 4. d5 Bxc3+ 5. bxc3 Qa5 6. Qc2 f5 7. Nf3 Nf6 8. e3 O-O 9. Bd3 d6 10. O-O Nbd7 11. Re1 Nb6 12. Ng5 h6 13. Nf3 Qa4 14.
Qe2 e6 15. e4 fxe4 16. Bxe4 g5 17. dxe6 Bxe6 18. Bxb7 Rae8 19. Qd3 Kg7 20. Qxd6 Bf7 21. Rxe8 Rxe8 22. Be3 Nxc4 23. Qg3 Nxe3 24. fxe3 Qd7 25.
Ba6 Qe6 26. Re1 Qxa6 27. Nh4 Qd3 28. Nf3 Qe4 29. h3 Qc4 30. Nxg5 hxg5 31. Qxg5+ Bg6 32. Rf1 Qxc3 33. h4 Qxe3+ 34. Kh1 Qxg5 35. hxg5 Ne4 36. Kg1 c4 37. Rc1 c3 38. Kf1 Rd8 39. Ke2 Rd2+ 40. Ke3 Rxa2 41. g4 c2 42. Kf4 Nc3 43. Ke3 Rb2 44. Kd2 Na2 45. Rxc2 Rxc2+ 46. Ke3 Nb4 0-1

[Event "*** MasterClass Titled Tuesday Blitz"]
[Site "Chess.com"]
[Date "2017.12.05"]
[Round "1"]
[White "wanyaland"]
[Black "MITerryble"]
[Result "0-1"]
[WhiteElo "2251"]
[BlackElo "2648"]
[TimeControl "180+2"]
[EndTime "14:23:31 PST"]
[Termination "MITerryble won by resignation"]

1. d4 e6 2. c4 Bb4+ 3. Bd2 Qe7 4.
g3 Nc6 5. Nf3 Nf6 6. Bg2 Bxd2+ 7. Qxd2 Ne4 8. Qd3 Qb4+ 9. Nbd2 Nxd2 10. Nxd2 Qxb2 11. Rb1 Qxd4 12. Qa3 d6 13. e3 Qf6 14. O-O O-O 15. Rfd1 a5 16. Rb5 Ra6 17. Ne4 Qe7 18.
Nc3 Re8 19. Qb2 Ra7 20. Rb1 Ne5 21. Qe2 b6 22. R5b2 Ba6 23. Nb5 Bxb5 24. cxb5 d5 25. Rc2 Nd7 26. Rbc1 Nc5 27. Qd2 Raa8 28. Qd4 Rad8 29.
Qd1 Rd6 30. h4 Red8 31. Rd2 g6 32. h5 Qg5 33. hxg6 hxg6 34. Rd4 Kg7 35. Qe2 e5 36. Rh4 d4 37. Rg4 Qf6 38. exd4 Rxd4 39. Rxd4 exd4 40.
Qd2 d3 41. Re1 Rd6 42. Re3 Re6 43. Bf1 Rxe3 44. Qxe3 Qd6 45. Qd2 Qd4 46. Kg2 Ne4 47.
Qf4 Qd5 48. Qf3 d2 49. Be2 Nf6 50. g4 Qxf3+ 51. Kxf3 Nd5 0-1

[Event "*** MasterClass Titled Tuesday Blitz"]
[Site "Chess.com"]
[Date "2017.12.05"]
[Round "1"]
[White "Rsnr"]
[Black "Koksik_13"]
[Result "1-0"]
[WhiteElo "2626"]
[BlackElo "2230"]
[TimeControl "180+2"]
[EndTime "14:23:32 PST"]
[Termination "Rsnr won by resignation"]

1. d4 d5 2. c4 e6 3. Nc3 a6 4.
cxd5 exd5 5. Nf3 c6 6. e4 dxe4 7. Nxe4 Bb4+ 8. Bd2 Bxd2+ 9. Qxd2 Nf6 10. Nxf6+ Qxf6 11.
Qe3+ Qe7 12. Bc4 Qxe3+ 13. fxe3 O-O 14. O-O Nd7 15. Ng5 Nf6 16. e4 h6 17. Nxf7 Rxf7 18.
Bxf7+ Kxf7 19. e5 Be6 20. exf6 gxf6 21. Rf4 Kg6 22. a3 Rd8 23. Raf1 f5 24. Re1 Bd5 25.
Re5 Be4 26. g4 Bd3 27. gxf5+ Kg5 28. Rf2 Bc4 29. f6+ Kg6 30. Re4 h5 31. h4 Bd3 32.
Re7 Bc4 33. Rg7+ Kh6 34. Rxb7 Kg6 35. Rg7+ Kh6 36. Rc7 Bd5 37. f7 Rf8 38. Kh2 Kg7 39. Kg3 Kg6 40. Rf4 Kg7 41. b4 Kg6 42. a4 Kg7 43.
Rf5 Kg6 44. Kf4 Be6 45. Rg5+ Kf6 46. Rxc6 Ke7 47. Re5 Rxf7+ 48. Ke3 Kd7 49. Rcxe6 1-0

[Event "*** MasterClass Titled Tuesday Blitz"]
[Site "Chess.com"]
[Date "2017.12.05"]
[Round "1"]
[White "ZCorrales"]
[Black "AndreyOstrovskiy"]
[Result "1-0"]
[WhiteElo "2128"]
[BlackElo "2519"]
[TimeControl "180+2"]
[EndTime "14:23:36 PST"]
[Termination "ZCorrales won by resignation"]

1. e4 e5 2. Nf3 Nc6 3. d4 exd4 4. Nxd4 Nf6 5. Nxc6 bxc6 6. Qe2 Qe7 7. Nc3 a5 8.
Bg5 h6 9. Bh4 Ba6 10. Qe3 Bxf1 11. Rxf1 g5 12. Bg3 Bg7 13. h3 d6 14. e5 Nh5 15.
Bh2 dxe5 16. Qf3 Qb4 17. Qxc6+ Ke7 18. a3 Qd6 19. Nd5+ Ke6 20. Nxc7+ Ke7 21. Qxd6+ Kxd6 22. Nxa8 Rxa8 23. O-O-O+ Ke6 24. Rd3 f5 25. Rfd1 Bf8 26.
g4 Nf6 27. gxf5+ Kxf5 28. Rd8 Rxd8 29. Rxd8 Bc5 30. Bg3 h5 31. h4 g4 32. Rc8 Be7 33.
Ra8 Ne4 34. Rxa5 Bc5 35. b4 Bd4 36. Ra8 Nc3 37. Rf8+ Ke4 38. a4 Nxa4 39. Rh8 Bb2+ 40. Kb1 Bd4 41. Ka2 Nc3+ 42. Kb3 Nd1 43. Rxh5 Nxf2 44.
Rg5 Kf3 45. Bxe5 Bxe5 46. Rxe5 g3 47. Re1 Nh3 48. b5 Kf2 49. Ra1 Ng1 50. b6 Nf3 51. b7 Nd4+ 52. Kc4 Nc6 53. Kd5 1-0

[Event "*** MasterClass Titled Tuesday Blitz"]
[Site "Chess.com"]
[Date "2017.12.05"]
[Round "1"]
[White "Msb2"]
[Black "evgenysharapov"]
[Result "1-0"]
[WhiteElo "2725"]
[BlackElo "2278"]
[TimeControl "180+2"]
[EndTime "14:23:37 PST"]
[Termination "Msb2 won by resignation"]

1. d4 d5 2. c4 c6 3. Nf3 Nf6 4. e3 Bg4 5. h3 Bxf3 6. Qxf3 e6 7. a3 Nbd7 8. Nc3 Bd6 9. g4 h6 10. h4 Qe7 11. Bd2 O-O-O 12. O-O-O Kb8 13. Kb1 a6 14. Be2 e5 15. cxd5 e4 16. Qg2 cxd5 17. g5 hxg5 18. hxg5 Nh7 19. Nxd5 Qxg5 20. Qxe4 Nhf6 21.
Nxf6 Nxf6 22. Qd3 Rxh1 23. Rxh1 Qg2 24. Rf1 Rh8 25. Qb3 Ne4 26. Bc1 Rh1 27. Rxh1 Qxh1 28.
Qxf7 Ka7 29. Kc2 Qe1 30. Qf3 Qxf2 31. Qxf2 Nxf2 32. Bf3 g5 33. e4 g4 34. Bg2 g3 35.
e5 Be7 36. Bf4 Bh4 37. d5 Ng4 38. Kd3 Kb6 39. Ke4 Kc5 40. Kf5 Nf2 41. d6 Nd3 42.
Be3+ Kc4 43. e6 Nc5 44. Bxc5 Kxc5 45. e7 1-0

[Event "*** MasterClass Titled Tuesday Blitz"]
[Site "Chess.com"]
[Date "2017.12.05"]
[Round "1"]
[White "josmito10"]
[Black "Markov_Mikhail"]
[Result "0-1"]
[WhiteElo "2164"]
[BlackElo "2607"]
[TimeControl "180+2"]
[EndTime "14:23:37 PST"]
[Termination "Markov_Mikhail won by checkmate"]

1. d4 Nf6 2. c4 e6 3. g3 d5 4. Nf3 Be7 5. Bg2 O-O 6. O-O Nbd7 7. Qc2 c5 8. dxc5 Nxc5 9. Rd1 b6 10. cxd5 exd5 11.
Nc3 Bb7 12. Bf4 Nce4 13. Nxe4 Nxe4 14. Be5 Bf6 15. Bxf6 Qxf6 16. Rd4 Rac8 17. Qa4 a6 18. Rad1 Rc5 19. Qd7 Bc6 20. Qa7 Rc2 21. Qxb6 Rxe2 22. Rc1 Ba8 23. Qxf6 gxf6 24. Nh4 Rxb2 25. a4 Rfb8 26.
Nf5 Nxf2 27. Bxd5 Nh3+ 28. Kh1 Bxd5+ 29. Rxd5 Ng5 30. Rcd1 h5 31. R5d2 Nf3 32. Rg2 Rb1 33. Ne3 Rxd1+ 34. Nxd1 Rb1 35. Rf2 Rxd1+ 36. Kg2 Ne1+ 37.
Kh3 Kg7 38. Rf5 Kg6 39. Ra5 Rd2 40. Rxa6 Nf3 41. g4 h4 42. g5 Kh5 43. Rxf6 Nxg5# 0-1

[Event "*** MasterClass Titled Tuesday Blitz"]
[Site "Chess.com"]
[Date "2017.12.05"]
[Round "1"]
[White "pulvettd"]
[Black "Iball95"]
[Result "1-0"]
[WhiteElo "2218"]
[BlackElo "2582"]
[TimeControl "180+2"]
[EndTime "14:23:39 PST"]
[Termination "pulvettd won by checkmate"]

1. c4 e5 2. Nc3 Bb4 3. Nf3 Bxc3 4. bxc3 Nc6 5. e4 d6 6. Be2 f5 7.
exf5 Bxf5 8. O-O Nf6 9. d4 O-O 10. Qb3 Na5 11. Qa3 Nc6 12. Qb3 Qc8 13. c5+ Be6 14. Qa4 exd4 15. cxd4 dxc5 16. dxc5 Bd5 17. Bb2 Qf5 18. Rad1 Rae8 19. Bd3 Qh5 20. Nd4 Qg5 21. f3 Nh5 22. Nxc6 Bxc6 23. Qg4 Qxg4 24. fxg4 Nf4 25.
Bc4+ Kh8 26. Rde1 Rxe1 27. Rxe1 Bd5 28. Re7 Bxc4 29. Bxg7+ Kg8 30. Bxf8 Kxf8 31. Re4 Ne2+ 32. Kf2 Ba6 33. Rxe2 Bxe2 34. Kxe2 Kf7 35. Ke3 Kf6 36. Kd4 c6 37. h4 Ke6 38. Ke4 Kf6 39. g5+ Ke6 40.
g4 b6 41. h5 b5 42. a4 b4 43.
a5 b3 44. Kd3 Kd5 45. g6 hxg6 46.
h6 Kxc5 47. Kc3 Kb5 48. h7 Ka4 49. h8=Q c5 50. Qb8 c4 51. Qb4# 1-0

[Event "*** MasterClass Titled Tuesday Blitz"]
[Site "Chess.com"]
[Date "2017.12.05"]
[Round "1"]
[White "FMJoseHerrera"]
[Black "MikelOjda"]
[Result "0-1"]
[WhiteElo "2436"]
[BlackElo "1503"]
[TimeControl "180+2"]
[EndTime "14:23:57 PST"]
[Termination "MikelOjda won by checkmate"]

1. Nf3 d5 2. g3 Nf6 3. Bg2 c6 4. O-O Bf5 5. d3 h6 6. c3 Qb6 7. Qb3 Nbd7 8. Be3 Qc7 9. Nbd2 e6 10. Nd4 Bh7 11. h3 Bd6 12. f4 O-O 13. N4f3 e5 14. fxe5 Nxe5 15. Nxe5 Bxe5 16. g4 Rfe8 17. Nf3 Bg3 18. Bd4 Rxe2 19. Bxf6 gxf6 20. Qd1 Rae8 21. Nd4 Bh2+ 22. Kh1 Rxg2 23. Kxg2 Qg3+ 24. Kh1 Qxh3 25.
Nf3 Bf4+ 26. Kg1 Be3+ 27. Rf2 Qg3+ 28. Kh1 Bxf2 29. Qf1 Qxf3+ 30. Qg2 Qxd3 31. Qxf2 Re3 32. Kg1 Rg3+ 33. Kh2 Rh3+ 34. Kg1 Qe4 35. Qg2 Qe3+ 36. Kf1 Rf3+ 37. Qxf3 Qxf3+ 38. Ke1 Qe3+ 39. Kd1 Bd3 40. c4 Qe2+ 41. Kc1 Qc2# 0-1

[Event "*** MasterClass Titled Tuesday Blitz"]
[Site "Chess.com"]
[Date "2017.12.05"]
[Round "1"]
[White "roncataroja"]
[Black "grzechu96"]
[Result "0-1"]
[WhiteElo "1409"]
[BlackElo "2440"]
[TimeControl "180+2"]
[EndTime "14:23:59 PST"]
[Termination "grzechu96 won by resignation"]

1. e4 c5 2. f4 Nc6 3. Nf3 g6 4. c3 d5 5. e5 d4 6. Bc4 Bg7 7. O-O h5 8. d3 Nh6 9. h3 Nf5 10. Kh2 a6 11. Qe1 Na5 12. cxd4 b5 13. Bxf7+ Kxf7 14. e6+ Kg8 15. Ne5 Bb7 16. Nxg6 Qd5 17. Rf2 Bxd4 18. Re2 Rh6 19. Ne5 Bxe5 20. fxe5 Rg6 21. g4 hxg4 22. hxg4 Rxg4 23. Re4 Rxe4 24.
dxe4 Qxe5+ 25. Kg1 Qxe4 26. Qxe4 Bxe4 27. Nc3 Bc6 28.
Bg5 Kh7 29. Rf1 Kg6 30. Bf4 Kf6 31. Re1 Rg8+ 32. Kf1 Nc4 33. b3 Nb6 34. Be5+ Kg6 35. Bc7 Nd5 36. Nxd5 Bxd5 37. Re2 Kf6 38. Be5+ Kxe6 39.
Bd4+ Kd7 40. Bxc5 Ng3+ 41. Ke1 Nxe2 42. Kxe2 Rg2+ 43. Kd3 Rxa2 44. b4 e5 45. Kc3 Ra3+ 46. Kd2 a5 47. bxa5 Rxa5 48. Kc3 Ra4 49. Kd3 Ke6 50.
Kc3 Rc4+ 51. Kd3 Rxc5 0-1

[Event "*** MasterClass Titled Tuesday Blitz"]
[Site "Chess.com"]
[Date "2017.12.05"]
[Round "1"]
[White "Sam_ChessMood"]
[Black "LuisFSiles"]
[Result "1-0"]
[WhiteElo "2614"]
[BlackElo "2210"]
[TimeControl "180+2"]
[EndTime "14:24:02 PST"]
[Termination "Sam_ChessMood won by resignation"]

1. e4 e5 2. Nf3 Nc6 3. Bb5 a6 4. Ba4 Nf6 5. O-O Be7 6. Re1 b5 7. Bb3 d6 8. c3 O-O 9. h3 Nb8 10. d4 Nbd7 11. Nbd2 Bb7 12. Bc2 Re8 13. Nf1 Bf8 14. Ng3 g6 15. a4 c5 16. d5 c4 17. Bg5 h6 18. Be3 Nc5 19. Qd2 Kh7 20. Bxc5 dxc5 21. Qe3 Bd6 22. Bd1 Qe7 23. Be2 Reb8 24.
Ra2 Nd7 25. Rea1 Nb6 26. axb5 axb5 27. Ra5 Bc8 28. Rxa8 Rxa8 29. Rxa8 Nxa8 30. h4 Nb6 31. h5 Na4 32. Qd2 Ba6 33. Bd1 Nb6 34. Qc1 Bc8 35.
Qa1 Qb7 36. Nh2 Qa6 37. Qc1 Qa2 38. Bg4 Qa8 39. Bxc8 Qxc8 40. Qe3 Na4 41. Qf3 Qc7 42. Ng4 Nxb2 43. Nf6+ Kh8 44. Ne8 Qe7 45. Nxd6 Qxd6 46. Qxf7 Qd8 47. hxg6 Qg8 48. Nf5 b4 49. Qf6+ 1-0

[Event "*** MasterClass Titled Tuesday Blitz"]
[Site "Chess.com"]
[Date "2017.12.05"]
[Round "1"]
[White "josemoramoron"]
[Black "chito89"]
[Result "1/2-1/2"]
[WhiteElo "2176"]
[BlackElo "2574"]
[TimeControl "180+2"]
[EndTime "14:24:03 PST"]
[Termination "Game drawn - insufficient material"]

1. e4 c5 2. Nf3 e6 3. d4 cxd4 4. Nxd4 Nc6 5. Nc3 Qc7 6. Be3 a6 7. Qf3 b5 8. O-O-O Bb7 9. Qg3 Qxg3 10. hxg3 Nxd4 11. Rxd4 Bc5 12. Rd3 Rc8 13. f3 Ne7 14.
Bxc5 Rxc5 15. Be2 h5 16. a3 Ng6 17. f4 h4 18. Re3 hxg3 19. Rxh8+ Nxh8 20. Rxg3 Ng6 21. f5 exf5 22. exf5 Rxf5 23. Bd3 Rf6 24. Ne4 Rc6 25. b4 d6 26. Kd2 Kf8 27. Ng5 Ne5 28.
Rh3 Nc4+ 29. Ke2 Nxa3 30. Rf3 f6 31. Ne6+ Ke7 32. Re3 Nxc2 33. Bxc2 Rxc2+ 34. Kd3 Rxg2 35. Nc5+ Kd8 36. Nxb7+ Kd7 37. Kc3 f5 38. Rd3 Rg6 39. Nc5+ Kc6 40. Nb3 f4 41. Kd4 Re6 42. Kc3 Re4 43. Kd2 Rxb4 44. Rc3+ Rc4 45. Rd3 g5 46. Na5+ Kc5 47. Nxc4 bxc4 48. Ra3 g4 49. Kc3 Kd5 50. Ra5+ Ke4 51. Rxa6 g3 52. Rxd6 g2 53. Rg6 Kf3 54.
Kxc4 Kf2 55. Kd3 f3 56. Ke4 Ke2 57. Rg3 f2 58. Rxg2 Ke1 59. Rxf2 Kxf2 1/2-1/2